 Dungeon Crawl Stone Soup version 0.17.2-1-ge4368a0 (webtiles) character file.

378 Goblin1989 the Spear-Bearer (level 6, -5/47 HPs)
             Began as a Merfolk Skald on Oct 13, 2016.
             Was a Follower of Fedhas.
             Killed by divine providence
             ... invoked by an orc priest
              (12 damage)
             ... on level 4 of the Dungeon.
             The game lasted 00:11:52 (3639 turns).

Goblin1989 the Spear-Bearer (Merfolk Skald)         Turns: 3639, Time: 00:11:52

Health: -5/47      AC:  5    Str: 15    XL:     6   Next: 74%
Magic:  9/9        EV: 11    Int: 13    God:    Fedhas [*.....]
Gold:   241        SH:  3    Dex: 13    Spells: 1 memorised, 8 levels left

rFire  . . .     SeeInvis .     k - +0 trident
rCold  . . .     Clarity  .     o - +0 ring mail
rNeg   . . .     SustAt   .     h - +0 buckler
rPois  .         Gourm    .     (no helmet)
rElec  .         Spirit   .     (no cloak)
rCorr  .         Warding  .     (no gloves)
rMut   .         Stasis   .     (no boots)
MR     .....                    (no amulet)
Stlth  +.........               (no ring)
                                i - +2 ring of intelligence

@: not resistant to hostile enchantments, very unstealthy
A: change form in water, swift swim
a: Evolution, Renounce Religion


You were on level 4 of the Dungeon.
You worshipped Fedhas.
Fedhas was aware of your devotion.
You were not hungry.

You visited 1 branch of the dungeon, and saw 4 of its levels.

You collected 241 gold pieces.

Inventory:

Hand Weapons
 a - a +0 spear
 k - a +0 trident (weapon)
Armour
 h - a +0 buckler (worn)
 o - a +0 ring mail (worn)
Jewellery
 i - a +2 ring of intelligence (left hand)
Wands
 s - a wand of teleportation (5) {@v4}
Scrolls
 b - 2 scrolls of enchant armour {unknown}
 d - a scroll of fog {unknown}
 e - 5 scrolls of teleportation {unknown}
 f - a scroll of noise {!r}
 j - 2 scrolls of magic mapping {unknown}
 m - a scroll of immolation {unknown}
 p - a scroll of fear {unknown}
 r - a scroll of recharging {unknown}
 t - a scroll of blinking {unknown}
 w - a scroll of enchant weapon
 R - 6 scrolls of identify {@r1}
Potions
 g - a potion of agility {unknown}
 n - a potion of curing {@q1}
 u - a potion of lignification {unknown}
 x - a potion of heal wounds {unknown}
Books
 c - a book of Battle

   Spells                             Type                      Level
   a - Infusion                       Charms                       1
   b - Shroud of Golubria             Charms/Translocation         2
   c - Song of Slaying                Charms                       2
   d - Spectral Weapon                Hexes/Charms                 3
   e - Regeneration                   Charms/Necromancy            3
Comestibles
 l - 2 bread rations {@e1}
 q - 2 meat rations {@e2}
 v - 2 fruits


   Skills:
 + Level 3.6 Fighting
 * Level 8.0 Polearms
 - Level 0.6 Armour
 + Level 4.2 Dodging
 - Level 2.0 Spellcasting
 - Level 3.2 Charms


You had 8 spell levels left.
You knew the following spells:

 Your Spells              Type           Power        Failure   Level  Hunger
a - Infusion              Chrm           #.....       24%         1    ##.....


Dungeon Overview and Level Annotations

Branches:
Dungeon (4/15)
 Temple: D:4-7

Altars:
Dithmenos
Fedhas
Nemelex Xobeh


Message History

The orc priest barely misses you. The orc hits you.
* * * LOW HITPOINT WARNING * * *
The centaur skeleton barely misses you.
You take 4 damage, and have 9/47 hp.
You closely miss the orc priest.
The orc priest is heavily wounded.
The centaur skeleton hits you.
* * * LOW HITPOINT WARNING * * *
The orc priest barely misses you. The orc hits you.
* * * LOW HITPOINT WARNING * * *
Your wandering mushroom releases spores at the orc wizard!
The orc wizard dies!
Your Polearms skill increases to level 8!
You take 3 damage, and have 6/47 hp.
Unknown command.
The centaur skeleton hits you but does no damage.
The orc priest calls down the wrath of Beogh upon you.
Something smites you!
You die...
Fedhas appreciates your contribution to the ecosystem. ਜਜਜਜਜਜਜਜਜਜ

ਜਜਜ ਜਜਜਜਜ...ਜਜ@..ਜਜ ਜ..
.........Zoo..ਜਜ ਜ..
..........rf...ਜ ਜ..
.....?.....)...ਜ ਜਜ..
...............ਜਜਜਜ ਜ...
......).......)...ਜਜ ਜ...
...ਜ....ਜਜ.........ਜਜ ਜਜ...
ਜ....ਜਜਜਜਜਜ.........ਜਜਜ....
..... ਜਜ.......ਜਜਜ÷.ਜ..


You could see an orc priest, an orc, a quokka, a centaur skeleton and a friendly
wandering mushroom.

Vanquished Creatures
  2 orc priests (D:3)
  A hound (D:4)
  A worker ant (D:4)
  An iguana (D:4)
  6 adders
  An ooze (D:3)
  2 worms (D:2)
  5 giant geckos
  5 orcs (D:3)
  10 goblins
  5 hobgoblins
  10 jackals
  2 quokkas (D:2)
  3 ball pythons
  6 bats
  3 giant cockroaches (D:1)
  4 giant newts
  8 kobolds
  6 rats
81 creatures vanquished.

Vanquished Creatures (collateral kills)
  An ogre (D:4)
  An orc wizard (D:4)
  2 adders
  A jackal (D:4)
5 creatures vanquished.

Vanquished Creatures (others)
  52 toadstools
52 creatures vanquished.

Grand Total: 138 creatures vanquished

Notes
Turn   | Place    | Note
--------------------------------------------------------------
     0 | D:1      | Goblin1989 the Merfolk Skald began the quest for the Orb.
     0 | D:1      | Reached XP level 1. HP: 16/16 MP: 3/3
    69 | D:1      | Reached skill level 4 in Polearms
    69 | D:1      | Reached XP level 2. HP: 17/22 MP: 5/5
   704 | D:1      | Reached XP level 3. HP: 27/27 MP: 6/6
   817 | D:1      | Reached skill level 5 in Polearms
   962 | D:2      | Found a blossoming altar of Fedhas.
   962 | D:2      | Found a sparkling altar of Nemelex Xobeh.
   970 | D:2      | Became a worshipper of Fedhas Madash
  1422 | D:2      | Reached skill level 6 in Polearms
  1438 | D:2      | Reached XP level 4. HP: 15/33 MP: 7/7
  2006 | D:2      | Reached * piety under Fedhas
  2255 | D:3      | Reached XP level 5. HP: 37/39 MP: 8/8
  2880 | D:3      | Reached skill level 7 in Polearms
  2900 | D:3      | Found a shadowy altar of Dithmenos.
  3373 | D:4      | Reached XP level 6. HP: 41/47 MP: 9/9
  3598 | D:4      | Noticed an ogre
  3607 | D:4      | Killed an ogre
  3638 | D:4      | Reached skill level 8 in Polearms
  3639 | D:4      | Killed from afar by an orc priest

Action                   |  1- 3 |  4- 6 || total
-------------------------+-------+-------++-------
Melee: Spear             |   159 |   127 ||   286
       Trident           |       |    75 ||    75
 Cast: Infusion          |     3 |     2 ||     5
Invok: Evolution         |       |     1 ||     1
  Use: Scroll            |     2 |       ||     2
       Potion            |       |     3 ||     3
 Stab: Sleeping          |     3 |       ||     3
  Eat: Chunk             |     1 |     2 ||     3
       Bread ration      |       |     1 ||     1
       Royal jelly       |       |     1 ||     1

Vault maps used:
D:1:      dpeg_arrival_pond
D:2:      gammafunk_temple_overflow_wave
D:3:      serial_forest, infiniplex_forest_clump_small,
          infiniplex_forest_straight_2, infiniplex_forest_clump_double,
          infiniplex_forest_lined_3_way, infiniplex_forest_zigzag_1,
          infiniplex_forest_zigzag_2, infiniplex_forest_clump_diagonal,
          grunt_dithmenos_smoke_and_mirrors
D:4:      corexii_shantytown
